 Dungeon Crawl Stone Soup version 0.19-a0-1905-ge8b2aad (webtiles) character file.

1416 Naow the Chopper (level 8, -6/68 HPs)
             Began as a Deep Dwarf Fighter on Oct 21, 2016.
             Killed by divine providence
             ... invoked by an orc priest
              (12 damage)
             ... on level 5 of the Dungeon.
             The game lasted 00:14:15 (3745 turns).

Naow the Chopper (Deep Dwarf Fighter)               Turns: 3745, Time: 00:14:16

Health: -6/68      AC: 16    Str: 23    XL:     8   Next: 43%
Magic:  7/7        EV: 11    Int:  8    God:
Gold:   209        SH: 14    Dex: 12    Spells: 0 memorised, 7 levels left

rFire  . . .     SeeInvis +     x - +2 hand axe (chop)
rCold  . . .     Gourm    .     v - +0 plate armour
rNeg   . . .     Faith    .     c - +1 shield
rPois  .         Spirit   .     l - +0 helmet
rElec  .         Reflect  +     g - +0 cloak
rCorr  .         Harm     .     (no gloves)
MR     +....                    A - +0 pair of boots
Stlth  ..........               B - +3 amulet of reflection
                                t - +4 ring of evasion
                                h - ring of see invisible

@: non-regenerating
A: damage resistance, recharge devices, sense surroundings 1, slow regeneration
3
a: Device Recharging


You were on level 5 of the Dungeon.
You were not hungry.

You visited 1 branch of the dungeon, and saw 6 of its levels.

You collected 317 gold pieces.
You spent 108 gold pieces at shops.

Inventory:

Hand Weapons
 a - a +0 war axe
 x - a +2 hand axe of chopping (weapon)
Missiles
 m - 8 needles of frenzy
 u - 34 poisoned needles
Armour
 b - a +0 scale mail
 c - a +1 shield (worn)
 g - a +0 cloak (worn)
 l - a +0 helmet (worn)
 v - a +0 plate armour (worn)
 A - a +0 pair of boots (worn)
Jewellery
 h - a ring of see invisible (left hand)
 t - a +4 ring of evasion (right hand)
 B - a +3 amulet of reflection (around neck)
 C - an uncursed ring of magical power
Wands
 e - a wand of heal wounds (1/9)
Scrolls
 p - 2 scrolls of enchant weapon
 s - a scroll of recharging
 y - a scroll of remove curse
 D - a scroll of magic mapping
Potions
 d - 2 potions of might
 i - a potion of curing
 k - 3 potions of agility
 o - a potion of cancellation
 q - a potion of flight {unknown}
 z - a potion of heal wounds
 E - a potion of degeneration
 F - a potion of haste {unknown}
Books
 r - a book of Changes

   Spells                             Type                      Level
   a - Beastly Appendage              Transmutation                1
   b - Sticks to Snakes               Transmutation                2
   c - Spider Form                    Transmutation/Poison         3
   d - Ice Form                       Ice/Transmutation            4
   e - Blade Hands                    Transmutation                5
Comestibles
 f - 5 bread rations
 j - 3 chunks of flesh
 n - 2 meat rations
 w - a slice of pizza


   Skills:
 - Level 2.6 Fighting
 * Level 7.6 Axes
 + Level 6.0 Armour
 + Level 4.7 Dodging
 + Level 6.1 Shields


You had 7 spell levels left.
You didn't know any spells.

Dungeon Overview and Level Annotations

Branches:
Dungeon (6/15)
 Temple: D:4-7

Altars:

Shops:
D:4 !

Annotations:
D:3 Grinder
D:5 Dowan
D:6 Edmund, Prince Ribbit


Innate Abilities, Weirdness & Mutations

You are resistant to damage.
You can recharge devices by infusing magical energy.
You passively map a small area around you.
You do not regenerate.


Message History

Dowan casts a spell.
Dowan blinks!
The gnoll closely misses you. You block the orc priest's attack.
You closely miss the orc priest.
The orc priest is heavily wounded.
The gnoll misses you. The orc priest barely misses you.
You hit the orc priest but do no damage.
The orc priest is heavily wounded.
You block the gnoll's attack.
The orc priest mumbles some strange prayers to Beogh against you.
Beogh smites you!
* * * LOW HITPOINT WARNING * * *
The orc priest invokes the aid of Beogh against you.
You resist with significant effort.
The orc priest mumbles some strange prayers to Beogh against you.
Beogh smites you!
* * * LOW HITPOINT WARNING * * *
The orc priest begins to cast a cantrip, but forgets the words!
The orc priest invokes the aid of Beogh against you.
Beogh smites you!
You die...

#####.#*
####.....#
###........#
#..........##
#..........#
###...<....##
#.....รท.....#
#..####....#.##
* ,.* *
######@.# *
##.## , * #..#
##.## ## ##.#
####. #o##
###.... ##g#
#...... #g##
##...... ##e#
#...<...


You could see an orc priest and 2 gnolls.

Vanquished Creatures
  Eustachio (D:6)
  Duvessa (D:5)
  An ogre (D:4)
  A phantom (D:5)
  A necrophage (D:6)
  A centaur (D:6)
  2 scorpions
  A howler monkey (D:4)
  A centaur zombie (D:5)
  3 hounds
  A jelly (D:6)
  An orc priest (D:4)
  A bullfrog skeleton (D:6)
  3 orc wizards
  2 iguanas
  A hound zombie (D:6)
  Robin (D:2)
  5 gnolls
  6 adders
  A shadow imp (D:6)
  4 oozes
  An adder skeleton (D:6)
  A worm (D:1)
  A dart slug (D:3)
  2 leopard geckos
  18 orcs
  A ball python (D:4)
  7 giant cockroaches
  12 goblins
  2 hobgoblins
  6 jackals
  4 kobolds
  4 quokkas
  8 bats
  A frilled lizard (D:3)
  6 rats
113 creatures vanquished.

Vanquished Creatures (others)
  A centaur (D:5)
1 creature vanquished.

Grand Total: 114 creatures vanquished

Notes
Turn   | Place    | Note
-------+----------+-------------------------------------------
     0 | D:1      | Naow the Deep Dwarf Fighter began the quest for the Orb.
     0 | D:1      | Reached XP level 1. HP: 20/20 MP: 1/1
   159 | D:1      | Reached XP level 2. HP: 27/27 MP: 2/2
   418 | D:1      | Reached skill level 1 in Dodging
   681 | D:2      | Reached skill level 3 in Axes
   750 | D:1      | Reached XP level 3. HP: 33/33 MP: 3/3
   857 | D:2      | Noticed Robin
   870 | D:2      | Killed Robin
   870 | D:2      | Reached XP level 4. HP: 35/40 MP: 4/4
  1425 | D:3      | Noticed Grinder
  1427 | D:3      | Reached skill level 4 in Axes
  1768 | D:3      | Reached XP level 5. HP: 31/46 MP: 5/5
  2183 | D:4      | Reached XP level 6. HP: 3/55 MP: 6/6
  2267 | D:4      | Reached skill level 5 in Axes
  2375 | D:4      | Found Egroq's Distillery.
  2426 | D:4      | Bought a potion of heal wounds for 60 gold pieces
  2426 | D:4      | Bought a potion of might for 48 gold pieces
  2552 | D:4      | Reached XP level 7. HP: 35/61 MP: 6/6
  2897 | D:4      | Reached skill level 5 in Armour
  2961 | D:5      | Entered Level 5 of the Dungeon
  3020 | D:5      | Noticed Dowan
  3050 | D:6      | Reached skill level 5 in Shields
  3123 | D:6      | Reached skill level 6 in Axes
  3233 | D:6      | Noticed Eustachio
  3275 | D:6      | Killed Eustachio
  3459 | D:6      | Reached XP level 8. HP: 23/68 MP: 7/7
  3483 | D:6      | Noticed Prince Ribbit
  3485 | D:6      | Noticed Edmund
  3590 | D:5      | Reached skill level 7 in Axes
  3607 | D:5      | Noticed Duvessa
  3730 | D:5      | Killed Duvessa
  3745 | D:5      | Killed from afar by an orc priest

Vault maps used:
D:1:      lightli_arrival_windingriver
D:2:      hangedman_feature_mirror, uniq_robin
D:3:      uniq_grinder
D:4:      serial_shops, shop
D:5:      first_bread, serial_shops, shop, uniq_menkaure, uniq_duvessa
D:6:      minivault_24, kennysheep_generic_room_8, uniq_edmund,
          uniq_prince_ribbit1, uniq_sigmund, uniq_eustachio

Skill      XL: |  1  2  3  4  5  6  7  8 |
---------------+-------------------------+-----
Dodging        | 1 2 3 4 |  4.7
Axes           | 3 4 5 6 7 |  7.6
Armour         | 4 5 6 |  6.0
Shields        | 4 5 6 |  6.1
Fighting       | |  2.6

Action                   |  1- 3 |  4- 6 |  7- 9 || total
-------------------------+-------+-------+-------++-------
Melee: War axe           |    90 |   124 |       ||   214
       Hand axe          |       |   102 |   209 ||   311
 Abil: Device Recharging |       |     1 |       ||     1
Evoke: Wand              |     1 |     6 |     3 ||    10
  Use: Scroll            |       |     6 |     5 ||    11
  Eat: Chunk             |       |     6 |     4 ||    10
Armor: Scale mail        |    44 |    88 |       ||   132
       Plate armour      |       |     4 |   103 ||   107
Dodge: Dodged            |    27 |    95 |   114 ||   236
Block: Shield            |    42 |   109 |   177 ||   328
       Reflection        |       |       |     3 ||     3
